 Dungeon Crawl Stone Soup version 0.31-a0-496-g6f97920a28 (webtiles) character file.

Game seed: 16326967275022610473

275 CraigForest the Ruffian (level 6, -3/47 HPs)
             Began as a Minotaur Shapeshifter on Aug 9, 2023.
             Was an Initiate of Elyvilon.
             Slain by an iguana (9 damage)
             ... on level 4 of the Dungeon.
             The game lasted 00:12:45 (2500 turns).

CraigForest the Ruffian (Minotaur Shapeshifter)     Turns: 2500, Time: 00:12:48

Health: -3/47      AC:  6    Str: 22    XL:     6   Next: 3%
Magic:  5/5        EV: 10    Int:  5    God:    Elyvilon [......]
Gold:   161        SH:  0    Dex: 10    Spells: 5/5 levels left

rFire   . .          .
                       - Unarmed
rCold   . . .        (no shield)
rNeg    . . .        r - +0 scale mail
rPois   +            (helmet currently unavailable)
rElec   .            (cloak currently unavailable)
rCorr   .            (gloves currently unavailable)
SInv    .            (boots currently unavailable)
Will    .....        (no amulet) Stlth
                     m - ring of poison resistance
HPRegen 0.27/turn    (no ring)
MPRegen 0.09/turn

%: no passive effects
@: beast-form, slowed, very slow
A: beast (slay +2), horns 2, retaliatory headbutt
a: Begin Untransformation, Renounce Religion


You were on level 4 of the Dungeon.
You worshipped Elyvilon.
Elyvilon was noncommittal.
You were a hulking beast.
You visited 2 branches of the dungeon, and saw 5 of its levels.

You collected 175 gold pieces.
You spent 14 gold pieces at shops.

Inventory:

Missiles
 i - 2 poisoned darts (quivered)
Armour
 a - a +0 animal skin
 k - a +0 leather armour
 q - a +0 pair of boots
 r - a +0 scale mail (worn)
Jewellery
 m - a ring of poison resistance (left hand)
 s - a ring of fire
Talismans
 c - a beast talisman (active)
 d - a flux talisman
Scrolls
 e - 3 scrolls of noise {unknown}
 f - 3 scrolls of amnesia {unknown}
 g - 3 scrolls of identify {unknown}
 h - 2 scrolls of immolation {unknown}
 j - a scroll of fog {unknown}
 l - a scroll of torment {unknown}
 u - a scroll of blinking {unknown}
Potions
 b - a potion of lignification
 n - a potion of heal wounds {unknown}
 o - a potion of enlightenment {unknown}
 p - a potion of curing {unknown}
 t - a potion of ambrosia {unknown}
 v - a potion of might {unknown}


   Skills:
 + Level 1.4 Fighting
 + Level 2.0 Armour
 + Level 2.8 Dodging
 + Level 5.5 Unarmed Combat
 + Level 3.5 Shapeshifting


You had 5 spell levels left.
You didn't know any spells.
Your spell library contained the following spells:

 Spells                   Type           Power      Damage    Failure   Level
 Wereblood                Tmut           0%         N/A       91%         2
 Irradiate                Conj/Tmut      0%         3d11      100%        5


Dungeon Overview and Level Annotations

Branches:
Dungeon (4/15)             Temple (1/1) D:4

Altars:
Ashenzari
Cheibriados
Elyvilon
Gozag
Kikubaaqudgha
Makhleb
Qazlal
Ru
Sif Muna
Vehumet
Xom
Yredelemnul
Zin

Shops:
D:1 !


Innate Abilities, Weirdness & Mutations

You are a hulking beast.
Your limbs bulge with bestial killing power. (Slay +2)
You have a pair of horns on your head.
You reflexively headbutt those who attack you in melee.


Message History

You barely miss Natasha. You headbutt Natasha!
Natasha is heavily wounded.
Natasha zaps a wand.
You resist with some effort.
You closely miss Natasha.
Natasha is heavily wounded.
Natasha closely misses you.
You closely miss Natasha.
Natasha is heavily wounded.
The iguana bites you. Natasha misses you.
You closely miss Natasha.
Natasha is heavily wounded.
The iguana barely misses you. Natasha claws you but does no damage.
You closely miss Natasha.
Natasha is heavily wounded.
The iguana hisses menacingly.
The iguana bites you but does no damage.
Natasha stares at you and mumbles some strange words.
You feel yourself slow down.
You hit Natasha.
Natasha is almost dead.
The iguana bites you!
Natasha stares at you and mumbles some strange words.
The magic dart hits you.
The sleepcap releases spores at you but does no damage.
Unknown command.
You punch Natasha!
You kill Natasha!
Natasha yowls pathetically as she dies!
The sleepcap releases spores at you but does no damage.
The iguana bites you.
Your Armour skill increases to level 2!
You have reached level 6!
You hit the iguana.
The iguana is severely wounded.
The iguana bites you!
* * * LOW HITPOINT WARNING * * *
The sleepcap closely misses you. The sleepcap releases spores at you.
* * * LOW HITPOINT WARNING * * *
The iguana bites you!
You die...

.. .. .. ....>. #..##.#
≈≈§§§.......##.##..
§≈≈§§≈§.........#..##
>⌠≈≈§...............#
._≈≈..........#.#...#
≈≈≈≈.........#.#.#..##
≈≈≈§........#.#.#.#..#######...
≈§...).......#fhl#.....<.......
≈§≈.........#.#.#.#..#######...
≈.......>#...#.#.#..##
.#.......##...#.#...#
#)####.#.............#
#..###.#..###.(..#.###
##............[........
..............#..######
.###..........##.#


You could see a sleepcap and an iguana.

Vanquished Creatures
  A phantom (D:4)
  3 jellies (D:2)
  Natasha (D:4)
  A worm (D:3)
  3 dart slugs
  An orc (D:3)
  2 ball pythons
  13 endoplasms
  2 giant cockroaches
  7 goblins
  5 hobgoblins
  3 quokkas
  10 bats
  4 frilled lizards
  15 kobolds
  3 rats
74 creatures vanquished.

Notes
Turn   | Place    | Note
-------+----------+-------------------------------------------
     0 | D:1      | CraigForest the Minotaur Shapeshifter began the quest for
                  | the Orb.
     0 | D:1      | Reached XP level 1. HP: 16/16 MP: 0/0
   123 | D:1      | Found Nurheadoch's Distillery.
   137 | D:1      | Bought a potion of degeneration for 14 gold pieces
   145 | D:1      | Reached XP level 2. HP: 23/23 MP: 1/1
   416 | D:2      | Found an ancient bone altar of Kikubaaqudgha.
   490 | D:2      | Reached XP level 3. HP: 25/28 MP: 2/2
   763 | D:2      | Reached skill level 4 in Unarmed Combat
   772 | D:2      | Reached XP level 4. HP: 29/35 MP: 3/3
   820 | D:2      | Reached XP level 5. HP: 19/40 MP: 4/4
   954 | D:2      | Reached skill level 1 in Armour
  1672 | D:3      | Found an ancient bone altar of Kikubaaqudgha.
  1878 | D:3      | Found a broken altar of Ashenzari.
  2396 | D:4      | Found a staircase to the Ecumenical Temple.
  2407 | Temple   | Entered the Ecumenical Temple
  2414 | Temple   | Became a worshipper of Elyvilon the Healer
  2417 | Temple   | Reached skill level 5 in Unarmed Combat
  2432 | D:4      | Found a stormy altar of Qazlal.
  2440 | D:4      | Noticed a phantom
  2450 | D:4      | Killed a phantom
  2455 | D:4      | Noticed Natasha
  2499 | D:4      | Killed Natasha
  2500 | D:4      | Reached XP level 6. HP: 18/47 MP: 5/5
  2500 | D:4      | Slain by an iguana

Illustrated notes

Levels and vault maps discovered:
D:1:      spicycebolla_arrival_clurvy, layout_basic, serial_shops, shop
D:2:      cheibrodos_fertilizer, layout_basic, basic_altar,
          chequers_serial_rivers_small_b
D:3:      layout_basic, nicolae_overflow_crystal_walls,
          nicolae_ashenzari_panopticon, palyth_stone_intersect
D:4:      layout_rooms, lemuel_tele_altar, nicolae_qazlal_general_emergency,
          mainiacjoe_overflow_paths, minmay_temple_entry_grid, uniq_natasha
Temple:   hellmonk_temple_micro_hex

Skill      XL: |  1  2  3  4  5 |
---------------+----------------+-----
Shapeshifting  | 3 |  3.5
Unarmed Combat | 4 5 |  5.5
Armour         | 2 |  2.0
Fighting       | |  1.4
Dodging        | |  2.8

Action                     |  1- 3 |  4- 6 || total
---------------------------+-------+-------++-------
  Melee: Unarmed           |    55 |    66 ||   121
         Headbutt          |    10 |    16 ||    26
         Punch             |     2 |     3 ||     5
  Throw: Dart              |     2 |       ||     2
   Stab: Sleeping          |     2 |       ||     2
 Armour: Leather armour    |    13 |     4 ||    17
         Animal skin       |     1 |       ||     1
         Scale mail        |       |    10 ||    10
  Dodge: Dodged            |    41 |    26 ||    67

Table legend: (Time is in decaauts)
 A = Elapsed time spent in this place.
 B = Non-inter-level travel time spent in this place.
 C = Inter-level travel time spent in this place.
 D = Time resting spent in this place.
 E = Time spent auto-exploring this place.
 F = Levels seen in this place.
 G = Mean time per level.
                   A        B        C        D        E       F      G
               +--------+--------+--------+--------+--------+-----+--------+
         Total |   2487 |   2149 |    338 |     12 |   1695 |   5 |  497.4 |
       Dungeon |   2456 |   2121 |    335 |      0 |   1695 |   4 |  614.0 |
        Temple |     31 |     28 |      3 |     12 |      0 |   1 |   31.0 |
               +--------+--------+--------+--------+--------+-----+--------+

Top non-repeatable levels by time:
     D:2: 1185 daAuts
     D:3: 832 daAuts
     D:1: 369 daAuts
     D:4: 69 daAuts
  Temple: 31 daAuts
